 Dungeon Crawl Stone Soup version 0.20.1-1-g8b1a95d (webtiles) character file.

97 equalderp2856 the Skirmisher (level 4, -4/35 HPs)
             Began as a Mummy Fighter on Oct 23, 2017.
             Slain by an iron imp (6 damage)
             ... summoned by Natasha
             ... on level 3 of the Dungeon.
             The game lasted 00:02:23 (2214 turns).

equalderp2856 the Skirmisher (Mummy Fighter)        Turns: 2214, Time: 00:02:24

Health: -4/35      AC: 13    Str: 19    XL:     4   Next: 42%
Magic:  4/4        EV:  3    Int:  8    God:
Gold:   59         SH:  9    Dex: 11    Spells: 3/3 levels left

rFire    x . .     SeeInvis .   a - +0 war axe
rCold    + . .     Gourm    .   c - +0 shield
rNeg     + + +     Faith    .   f - +0 plate armour
rPois    ∞         Spirit   .   g - +2 hat
rElec    .         Reflect  .   (no cloak)
rCorr    .         Harm     .   (no gloves)
MR       .....                  (no boots)
Stlth    ..........             (no amulet)
Regen    0.2/turn               (no ring)
MPRegen  0.1/turn               (no ring)

@: no status effects
A: no food or potions, fire vulnerability, cold resistance 1, negative energy
resistance 3, torment resistance, unbreathing
a: no special abilities


You were on level 3 of the Dungeon.
You were not hungry.

You visited 1 branch of the dungeon, and saw 3 of its levels.

You collected 59 gold pieces.

Inventory:

Hand Weapons
 a - a +0 war axe (weapon)
Armour
 b - a +0 scale mail
 c - a +0 shield (worn)
 f - a +0 plate armour (worn)
 g - a +2 hat (worn)
 h - a +0 pair of boots
Scrolls
 d - a scroll of fog {unknown}
 e - a scroll of teleportation {unknown}
 i - a scroll of random uselessness {unknown}
 j - 4 scrolls of identify {unknown}
 k - a scroll of noise {unknown}
 l - a scroll of enchant armour {unknown}
 m - a scroll of remove curse {unknown}


   Skills:
 + Level 3.4 Fighting
 + Level 2.7 Axes
 + Level 2.9 Armour
 + Level 0.1 Stealth
 + Level 2.8 Shields


You had 3 spell levels left.
You didn't know any spells.

Dungeon Overview and Level Annotations

Branches:
Dungeon (3/15)

Altars:
Cheibriados
The Shining One

Annotations:
D:3 Natasha


Innate Abilities, Weirdness & Mutations

You do not eat or drink.
Your flesh is vulnerable to fire.
You are immune to poison.
Your flesh is cold resistant. (rC+)
You are immune to negative energy. (rN+++)
You are immune to unholy pain and torment.
You can survive without breathing.


Message History

The iron imp shouts, "Remove thy stench, thou ducking sow-suckled swadder!"
You block the iron imp's attack.
Unknown command.
You miss Natasha. You barely miss the iron imp. You block Natasha's attack.
The iron imp completely misses you. You block Natasha's attack.
Unknown command.
You miss Natasha.
Your shield and plate armour prevent you from hitting the iron imp.
You block the iron imp's attack.
Natasha stares at you and mumbles some strange words.
The magic dart hits you!
* * * LOW HITPOINT WARNING * * *
Unknown command.
Okay, then.
Unknown command.
You hit Natasha.
Natasha is lightly wounded.
You hit the iron imp but do no damage. Natasha completely misses you.
The iron imp hits you.
You die...

...#..#
#..............#
...#..#
#..##########.##
...#..# #..# #.#
...##)###.########
#.#
......>##........#
#.#
...#############.#
#.# #......... #.#
#.# ....###### #5#
#.# ....# #@# #.#
....# #h####.#
....# #5#....#
....# ..#.#..#
....# ###.#..#
#.#..# #.#..#
#.#..# #.#..#


You could see an iron imp, Natasha and a shadow imp.

Vanquished Creatures
  3 gnolls
  An adder (D:3)
  An ooze (D:2)
  A worm (D:2)
  A dart slug (D:1)
  5 giant cockroaches
  3 goblins
  10 hobgoblins
  3 jackals (D:1)
  7 bats
  2 frilled lizards (D:2)
  4 kobolds
  4 rats
45 creatures vanquished.

Notes
Turn   | Place    | Note
-------+----------+-------------------------------------------
     0 | D:1      | equalderp2856 the Mummy Fighter began the quest for the Orb.
     0 | D:1      | Reached XP level 1. HP: 18/18 MP: 1/1
    50 | D:1      | Reached XP level 2. HP: 15/24 MP: 2/2
   676 | D:2      | Found a snail-covered altar of Cheibriados.
   750 | D:2      | Reached XP level 3. HP: 28/29 MP: 3/3
  1310 | D:2      | Found a glowing golden altar of the Shining One.
  1409 | D:2      | Reached XP level 4. HP: 18/35 MP: 4/4
  2180 | D:3      | Noticed Natasha
  2214 | D:3      | Slain by an iron imp

Skill      XL: |  1  2  3 |
---------------+----------+-----
Axes           | 2 |  2.7
Fighting       | |  3.4
Armour         | |  2.9
Stealth        | |  0.1
Shields        | |  2.8

Action                   |  1- 3 |  4- 6 || total
-------------------------+-------+-------++-------
Melee: War axe           |   121 |    74 ||   195
Armor: Scale mail        |    15 |       ||    15
       Plate armour      |    78 |    62 ||   140
Dodge: Dodged            |    28 |    12 ||    40
Block: Shield            |    72 |    39 ||   111
